Map: Frozen Temple

Players

llllllllllll - Winner!

  • Race: Terran Terran
  • League: Diamond

blackxored

  • Race: Zerg Zerg
  • League: Diamond

VOD

Have the link to the VOD?

Description

Time

  • Played on: July 1, 2016, 6:21 p.m.
  • Length: 12:35
Show
View Real Time Build Order
Export as new Build Order

llllllllllll Terran - Winner!

Build Orders: Reaper Expand, Mech 

Get SALT Encoding   

  12  0:00  SCV  
  13  0:13  SCV  
  14  0:17  Supply Depot  
  14  0:25  SCV  
  15  0:39  SCV  
  15  0:42  Barracks  
  16  0:48  Refinery  
  16  0:51  SCV  
  17  1:03  SCV  
  18  1:15  SCV  
  19  1:30  Reaper  
  19  1:31  Orbital Command  
  20  1:44  Command Center  
  20  1:57  SCV  
  20  1:59  Supply Depot  
  21  2:05  Marine  
  22  2:09  SCV  
  23  2:16  Factory  
  23  2:23  SCV  
  23  2:25  Barracks Reactor  
  23  2:26  Refinery  
  24  2:35  SCV  
  25  2:47  SCV  
  26  2:59  SCV  
  26  3:00  Orbital Command  
  27  3:07  Starport  
  27  3:10  Supply Depot  
  27  3:11  SCV  
  27  3:12  Hellion x2  
  32  3:18  Armory  
  32  3:20  Marine  
  32  3:23  SCV  
  34  3:28  SCV  
  35  3:35  SCV  
  35  3:37  Supply Depot  
  35  3:39  Hellion  
  35  3:40  SCV  
  39  3:43  Marine  
  39  3:45  Hellion  
  39  3:47  Medivac  
  44  3:50  SCV  
  45  3:55  SCV  
  45  4:02  SCV  
  47  4:07  Hellion x2  
  47  4:08  SCV  
  52  4:12  Supply Depot  
  52  4:14  SCV  
  53  4:18  Supply Depot  
  53  4:20  SCV  
  54  4:26  SCV  
  55  4:32  SCV  
  55  4:36  Engineering Bay  
  55  4:37  Barracks Tech Lab  
  56  4:38  Factory, SCV  
  56  4:40  Factory  
  56  4:44  SCV  
  58  4:56  SCV  
  58  4:59  SCV  
  58  5:08  SCV  
  58  5:10  Supply Depot, Missile Turret  
  58  5:11  SCV  
  58  5:12  Command Center, Missile Turret  
  60  5:16  Refinery  
  60  5:20  SCV  
  48  5:23  SCV  
  48  5:25  Hellion x2  
  48  5:27  Starport Reactor  
  52  5:28  Factory Tech Lab  
  52  5:32  SCV  
  53  5:35  Missile Turret  
  53  5:36  SCV  
  53  5:39  Refinery  
  54  5:43  Supply Depot  
  54  5:44  Supply Depot, SCV  
  54  5:46  Terran Vehicle Weapons Level 1  
  54  5:48  SCV  
  56  5:53  Hellbat, Hellion  
  56  5:54  Siege Tank  
  63  5:58  Liberator x2  
  63  6:02  SCV  
  63  6:03  Factory  
  64  6:05  SCV  
  64  6:08  Barracks Tech Lab  
  67  6:14  SCV  
  67  6:16  Widow Mine  
  67  6:18  Widow Mine  
  74  6:20  SCV  
  77  6:33  SCV x2  
  79  6:42  Siege Tank  
  79  6:45  Hellbat, SCV x2  
  79  6:46  Missile Turret  
  86  6:47  Hellbat  
  86  6:48  Supply Depot  
  86  6:50  Supply Depot, Refinery  
  86  6:51  Refinery  
  86  6:53  Orbital Command  
  88  6:58  Thor  
  88  7:01  SCV x2  
  96  7:15  Liberator  
  96  7:16  SCV x2  
  96  7:18  Supply Depot  
  96  7:20  Hellbat x2  
  96  7:21  Siege Tank  
  105  7:26  Supply Depot  
  105  7:28  SCV x2  
  105  7:29  Siege Tank  
  110  7:31  Hellion  
  116  7:38  Medivac  
  116  7:40  SCV  
  116  7:41  Hellbat  
  116  7:42  Hellbat  
  120  7:44  Supply Depot  
  120  7:45  SCV x2  
  120  7:49  Supply Depot  
  122  7:53  SCV  
  122  7:57  SCV x2  
  122  7:58  Siege Tank  
  128  8:03  Barracks Reactor  
  128  8:04  Terran Vehicle Weapons Level 2  
  128  8:05  SCV  
  129  8:07  Factory  
  129  8:10  SCV  
  130  8:19  Siege Tank  
  131  8:20  Siege Tank  
  131  8:21  Hellbat x2  
  138  8:27  Supply Depot  
  138  8:30  Supply Depot  
  138  8:33  Command Center  
  138  8:41  Supply Depot  
  138  8:42  Supply Depot  
  138  8:44  Medivac x2  
  138  8:45  Armory  
  138  8:47  Hellbat x2  
  146  8:56  Missile Turret  
  146  8:59  Missile Turret  
  146  9:00  Missile Turret  
  146  9:01  Missile Turret  
  146  9:03  Widow Mine x2  
  146  9:05  Thor  
  146  9:06  Siege Tank  
  146  9:07  Siege Tank  
  146  9:09  Liberator  
  162  9:10  Liberator  
  162  9:15  Supply Depot  
  162  9:17  Supply Depot  
  162  9:29  Hellbat  
  162  9:30  Hellbat  
  172  9:43  Command Center  
  172  9:52  Liberator  
  172  9:53  Liberator  
  172  9:56  Missile Turret  
  172  9:58  Missile Turret  
  172  10:01  Siege Tank x3  
  172  10:02  Hellbat  
  172  10:03  Hellbat x2  
  187  10:13  Missile Turret  
  175  10:16  Missile Turret  
  175  10:17  Missile Turret x2  
  175  10:19  Missile Turret  
  175  10:21  Hellbat  
  154  10:24  Hellbat  
  154  10:31  Missile Turret  
  154  10:32  Missile Turret  
  154  10:33  Planetary Fortress, Thor  
  154  10:34  Terran Vehicle And Ship Armor Level 1  
  160  10:38  Missile Turret  
  154  10:43  Hellbat x3  
  92  10:50  Liberator  
  147  11:02  Liberator  
  147  11:03  Siege Tank  
  147  11:04  Siege Tank  
  153  11:05  Hellbat  
  153  11:06  Hellbat x2  
  162  11:18  Siege Tank  
  168  11:29  Hellbat x4  
  168  11:32  Refinery, Liberator  
  161  11:35  Refinery  
  158  11:49  Widow Mine  
  158  11:50  Widow Mine x3  
Show
View Real Time Build Order
Export as new Build Order

blackxored Zerg 

Build Orders: Hatch First, Muta Ling Bane 

Get SALT Encoding   

  12  0:01  Drone  
  13  0:08  Drone  
  14  0:17  Overlord  
  14  0:22  Extractor  
  14  0:24  Drone  
  15  0:36  Drone  
  15  0:37  Drone  
  17  0:54  Hatchery  
  16  0:58  Drone  
  16  1:00  Drone  
  18  1:12  Extractor  
  18  1:15  Spawning Pool  
  16  1:19  Drone  
  16  1:21  Drone  
  18  1:33  Drone  
  19  1:44  Overlord  
  19  1:56  Drone  
  20  2:02  Queen  
  20  2:03  Zergling x2  
  20  2:07  Queen  
  20  2:08  Zergling x2  
  26  2:12  Zergling x2  
  27  2:19  Metabolic Boost  
  27  2:24  Drone  
  27  2:25  Drone  
  29  2:35  Spore Crawler  
  29  2:52  Hatchery  
  28  3:01  Overlord, Queen  
  29  3:07  Pneumatized Carapace  
  29  3:22  Drone x2  
  29  3:23  Drone x7  
  38  3:28  Overlord  
  37  3:41  Drone x2  
  37  3:42  Drone x2  
  37  3:46  Drone  
  42  3:49  Overlord  
  42  3:59  Queen x2  
  46  4:12  Overlord  
  46  4:19  Zergling x16  
  46  4:20  Zergling x2  
  46  4:23  Queen  
  57  4:26  Overlord  
  45  5:25  Queen  
  45  5:26  Queen  
  45  5:27  Drone x9  
  58  5:31  Drone  
  58  5:32  Baneling Nest  
  58  5:41  Drone x2  
  60  5:44  Zergling x2  
  61  5:56  Drone x4  
  65  6:01  Hatchery  
  65  6:02  Drone x2  
  65  6:03  Drone x2  
  68  6:06  Hatchery  
  68  6:10  Drone  
  68  6:11  Drone  
  69  6:23  Extractor, Drone  
  69  6:24  Extractor  
  68  6:26  Drone x2  
  68  6:27  Drone x3  
  68  6:31  Extractor, Drone  
  68  6:32  Overlord x2  
  73  6:35  Extractor  
  73  6:36  Extractor, Drone  
  73  6:37  Drone  
  72  6:54  Zergling x22  
  72  6:55  Lair  
  83  7:05  Drone  
  83  7:06  Drone x2  
  83  7:08  Drone  
  87  7:22  Zergling x2  
  88  7:23  Zergling x18  
  88  7:26  Drone x2  
  88  7:27  Drone  
  88  7:28  Drone  
  101  7:30  Overlord x4  
  101  7:45  Evolution Chamber  
  101  7:46  Drone, Evolution Chamber  
  101  7:48  Queen  
  101  7:50  Drone  
  103  7:52  Zergling x22  
  103  7:54  Baneling x25  
  103  7:55  Centrifical Hooks  
  114  8:15  Spire, Zerg Melee Weapons Level 1, Zerg Ground Armor Level 1  
  113  8:27  Overseer x3  
  113  8:33  Zergling x26  
  113  8:34  Zergling x14  
  133  8:35  Overlord x3  
  133  8:53  Overlord x3  
  133  9:09  Drone x16  
  149  9:19  Extractor  
  149  9:20  Extractor  
  147  9:31  Drone  
  147  9:32  Mutalisk x3  
  147  9:33  Mutalisk x7  
  147  9:34  Mutalisk x2  
  147  9:35  Hatchery  
  171  9:47  Corruptor  
  171  9:48  Corruptor x3  
  136  10:18  Zergling x2  
  136  10:19  Zergling x52  
  128  10:27  Zergling x2  
  126  10:28  Roach Warren  
  123  10:36  Queen x2  
  123  10:37  Queen x3  
  120  10:51  Zergling x2  
  120  10:52  Zergling x22  
  124  11:03  Baneling  
  124  11:04  Baneling x9  
  124  11:11  Roach x5  
  130  11:12  Queen x2, Roach x3  
  130  11:13  Corruptor  
  130  11:14  Corruptor x3  
  141  11:26  Roach x5  
  125  11:34  Roach  
  125  11:36  Roach  
  125  11:37  Roach x3  
  115  11:46  Roach  
  115  11:47  Roach x3  
  117  11:48  Queen  
  117  11:52  Roach  
  117  11:53  Roach x6  
  96  12:16  Roach  
Tags
 
Add a new tag
Caveats
  • Supply blocks, unpowered buildings, or Contaminate may cause inaccurate times.
  • Supply counts are checked every 10 seconds.